PA
CHICAGO TULA @ CHICAGO GOLD SOX
08/20/2041
 
TOP OF THE 1ST
Chicago Tula batting - Pitching for Chicago Gold Sox : LHP Jesús Crisotomo
Pitching: LHP Jesús Crisotomo
Batting: RHB Jorge Díaz 0-0: Foul Ball, location: 2F
0-1: Foul Ball, location: 2F
0-2: Foul Ball, location: 2F
0-2: Ball
1-2: Ball
2-2: Ball
3-2: Base on Balls
Batting: RHB José Salas 0-0: Called Strike
0-1: Fly out, F3 (Popup, 3S, EV 86.9 MPH)
Batting: RHB Henry Dalton 0-0: Fly out, F6 (Line Drive, 6, EV 68.1 MPH)
Batting: RHB Sergio Dávalos 0-0: Ball
1-0: Fielders Choice at 2nd, 5-4 (Groundball, 56, EV 96.2 MPH)
Top of the 1st over - 0 runs, 0 hits, 0 errors, 1 left on base; Chicago 0 - Chicago 0
BOTTOM OF THE 1ST
Chicago Gold Sox batting - Pitching for Chicago Tula : LHP José Guerrero
Pitching: LHP José Guerrero
Batting: LHB Doug Pollock 0-0: Called Strike
0-1: Ball
1-1: Bunt missed!
1-2: Foul Ball, location: 2F
1-2: Ball
2-2: Strikes out looking
Batting: RHB Niek Bendt 0-0: Ball
1-0: Called Strike
1-1: Swinging Strike
1-2: Ball
2-2: Foul Ball, location: 2F
2-2: Strikes out swinging
Batting: RHB Coy MacKey 0-0: Ball
1-0: Swinging Strike
1-1: Ball
2-1: Foul Ball, location: 2F
2-2: Strikes out swinging
Bottom of the 1st over - 0 runs, 0 hits, 0 errors, 0 left on base; Chicago 0 - Chicago 0
TOP OF THE 2ND
Chicago Tula batting - Pitching for Chicago Gold Sox : LHP Jesús Crisotomo
Batting: LHB Greg Rogers 0-0: Ball
1-0: Ball
2-0: Fly out, F8 (Flyball, 8LM, EV 78.8 MPH)
Batting: RHB Guillermo Dettori 0-0: Ball
1-0: Ball
2-0: Ball
3-0: Base on Balls
Batting: RHB Jeff Weber 0-0: Called Strike
0-1: Ball
1-1: Ball
2-1: Foul Ball, location: 2F
2-2: Strikes out swinging
Batting: LHB Carlos Díaz 0-0: Ground out 4-3 (Groundball, 4S, EV 86.2 MPH)
Top of the 2nd over - 0 runs, 0 hits, 0 errors, 1 left on base; Chicago 0 - Chicago 0
BOTTOM OF THE 2ND
Chicago Gold Sox batting - Pitching for Chicago Tula : LHP José Guerrero
Batting: RHB Ron Ficco 0-0: Called Strike
0-1: Ground out 5-3 (Groundball, 5S, EV 85.6 MPH)
Batting: SHB Ralph Titus 0-0: Called Strike
0-1: Foul Ball, location: 2F
0-2: Strikes out looking
Batting: RHB Mike O'Halloran 0-0: Ball
1-0: Ball
2-0: Foul Ball, location: 2F
2-1: Foul Ball, location: 2F
2-2: Ground out 4-3 (Groundball, 4S, EV 88.8 MPH)
Bottom of the 2nd over - 0 runs, 0 hits, 0 errors, 0 left on base; Chicago 0 - Chicago 0
TOP OF THE 3RD
Chicago Tula batting - Pitching for Chicago Gold Sox : LHP Jesús Crisotomo
Batting: RHB Cédric Dumas 0-0: Ball
1-0: Ball
2-0: Called Strike
2-1: Ball
3-1: Base on Balls
Batting: RHB Jorge Díaz 0-0: Foul Ball, location: 2F
0-1: Ball
1-1: Swinging Strike
1-2: Ball
2-2: Foul Ball, location: 2F
2-2: Ball
3-2: Reached on error, E5 (Groundball, 5S, EV 77.5 MPH)
Cédric Dumas to second
Batting: RHB José Salas 0-0: Called Strike
0-1: SINGLE (Line Drive, 9LS, EV 94.4 MPH)
Cédric Dumas to third
Jorge Díaz to second
Runner from 3rd tries for Home, SAFE, throw by RF to home
Batting: RHB Henry Dalton 0-0: Called Strike
0-1: Foul Ball, location: 2F
0-2: Strikes out swinging
Batting: RHB Sergio Dávalos 0-0: Called Strike
0-1: Ball
1-1: Ball
2-1: Swinging Strike
2-2: Ball
Passed Ball!
Jorge Díaz to third
José Salas to second
3-2: Foul Ball, location: 2F
3-2: Base on Balls
Batting: LHB Greg Rogers 0-0: Swinging Strike
0-1: Called Strike
0-2: Ball
1-2: Foul Ball, location: 2F
1-2: Strikes out swinging
Batting: RHB Guillermo Dettori 0-0: Ball
1-0: Ball
2-0: Foul Ball, location: 2F
2-1: Fly out, F8 (Line Drive, 8LD, EV 92.5 MPH)
Top of the 3rd over - 1 run, 1 hit, 1 error, 3 left on base; Chicago 1 - Chicago 0
BOTTOM OF THE 3RD
Chicago Gold Sox batting - Pitching for Chicago Tula : LHP José Guerrero
Batting: RHB José Rivera 0-0: Ball
1-0: Called Strike
1-1: Called Strike
1-2: Fly out, F9 (Line Drive, 9, EV 91.2 MPH)
Batting: LHB Brad Dyer 0-0: Ball
1-0: Ball
2-0: Foul Ball, location: 2F
2-1: Called Strike
2-2: Strikes out looking
Batting: RHB Bonifacio Marmolejo 0-0: Called Strike
0-1: Called Strike
0-2: Strikes out swinging
Bottom of the 3rd over - 0 runs, 0 hits, 0 errors, 0 left on base; Chicago 1 - Chicago 0
TOP OF THE 4TH
Chicago Tula batting - Pitching for Chicago Gold Sox : LHP Jesús Crisotomo
Batting: RHB Jeff Weber 0-0: Called Strike
0-1: Ball
1-1: Fly out, F8 (Line Drive, 8RM, EV 91.9 MPH)
Batting: LHB Carlos Díaz 0-0: Called Strike
0-1: Ball
1-1: Called Strike
1-2: Ball
2-2: Ball
3-2: Fly out, F7 (Line Drive, 7, EV 100.0 MPH)
Batting: RHB Cédric Dumas 0-0: Ball
1-0: Called Strike
1-1: Called Strike
1-2: Strikes out looking
Top of the 4th over - 0 runs, 0 hits, 0 errors, 0 left on base; Chicago 1 - Chicago 0
BOTTOM OF THE 4TH
Chicago Gold Sox batting - Pitching for Chicago Tula : LHP José Guerrero
Batting: LHB Doug Pollock 0-0: Foul Ball, location: 2F
0-1: Called Strike
0-2: Strikes out swinging
Batting: RHB Niek Bendt 0-0: Ball
1-0: SINGLE (Groundball, 6D, EV 105.6 MPH)
Batting: RHB Coy MacKey 0-0: Ball
1-0: Foul Ball, location: 2F
1-1: Ball
2-1: Foul Ball, location: 2F
2-2: Foul Ball, location: 2F
2-2: Foul Ball, location: 2F
2-2: Ball
3-2: Grounds into double play, 5-4-3 (Groundball, 56, EV 81.2 MPH)
Bottom of the 4th over - 0 runs, 1 hit, 0 errors, 0 left on base; Chicago 1 - Chicago 0
TOP OF THE 5TH
Chicago Tula batting - Pitching for Chicago Gold Sox : LHP Jesús Crisotomo
Batting: RHB Jorge Díaz 0-0: Swinging Strike
0-1: Called Strike
0-2: Foul Ball, location: 2F
0-2: Foul Ball, location: 2F
0-2: Ball
1-2: Fly out, F8 (Flyball, 8LM, EV 79.4 MPH)
Batting: RHB José Salas 0-0: Called Strike
0-1: Ball
1-1: Foul Ball, location: 2F
1-2: Ball
2-2: Ground out 5-3 (Groundball, 5, EV 84.4 MPH)
Batting: RHB Henry Dalton 0-0: Called Strike
0-1: SINGLE (Flyball, 89S, EV 93.8 MPH)
Batting: RHB Sergio Dávalos 0-0: Ball
1-0: DOUBLE (Line Drive, 78D, EV 106.2 MPH)
Henry Dalton to third
Runner from 3rd tries for Home, SAFE, throw by CF to trailing runner, OUT at third! 8-6-5
Top of the 5th over - 1 run, 2 hits, 0 errors, 0 left on base; Chicago 2 - Chicago 0
BOTTOM OF THE 5TH
Chicago Gold Sox batting - Pitching for Chicago Tula : LHP José Guerrero
Batting: RHB Ron Ficco 0-0: Called Strike
0-1: Ball
1-1: Foul Ball, location: 2F
1-2: Ball
2-2: Strikes out swinging
Batting: SHB Ralph Titus 0-0: Called Strike
0-1: SINGLE (Groundball, 5L, EV 95.0 MPH)
Batting: RHB Mike O'Halloran 0-0: Ball
1-0: Ball
2-0: Ball
3-0: Called Strike
3-1: Swinging Strike
3-2: Base on Balls
Ralph Titus to second
Batting: RHB José Rivera 0-0: Called Strike
0-1: Foul Ball, location: 2F
0-2: Strikes out swinging
Batting: LHB Brad Dyer 0-0: Ball
1-0: Foul Ball, location: 2F
1-1: Foul Ball, location: 2F
1-2: SINGLE (Flyball, 8LS, EV 98.8 MPH)
Ralph Titus to third
Mike O'Halloran to second
Batting: RHB Bonifacio Marmolejo 0-0: Ball
1-0: Ground out 1-3 (Groundball, 15S, EV 71.2 MPH)
Bottom of the 5th over - 0 runs, 2 hits, 0 errors, 3 left on base; Chicago 2 - Chicago 0
TOP OF THE 6TH
Chicago Tula batting - Pitching for Chicago Gold Sox : LHP Jesús Crisotomo
Batting: LHB Greg Rogers 0-0: Ball
1-0: Reached on error, E5 (Groundball, 6, EV 93.8 MPH)
Batting: RHB Guillermo Dettori 0-0: Bunted foul
0-1: Ball
1-1: Bunt missed!
1-2: Ground out 5-3 (Groundball, 56S, EV 68.1 MPH)
Greg Rogers to second
Batting: RHB Jeff Weber 0-0: Intentional Walk
Batting: LHB Carlos Díaz 0-0: Ball
1-0: Foul Ball, location: 2F
1-1: Ball
2-1: Foul Ball, location: 2F
2-2: Ball
3-2: Fielders Choice at 2nd, 4-6 (Groundball, 4M, EV 89.4 MPH)
Greg Rogers to third
Batting: RHB Cédric Dumas 0-0: Ball
1-0: Foul Ball, location: 2F
1-1: Ball
2-1: Foul Ball, location: 2F
2-2: Strikes out looking
Top of the 6th over - 0 runs, 0 hits, 1 error, 2 left on base; Chicago 2 - Chicago 0
BOTTOM OF THE 6TH
Chicago Gold Sox batting - Pitching for Chicago Tula : LHP José Guerrero
Batting: LHB Doug Pollock 0-0: Called Strike
0-1: Foul Ball, location: 2F
0-2: Foul Ball, location: 2F
0-2: Ball
1-2: Foul Ball, location: 2F
1-2: Strikes out swinging
Batting: RHB Niek Bendt 0-0: Ball
1-0: Foul Ball, location: 2F
1-1: Ball
2-1: Ball
3-1: Called Strike
3-2: Strikes out swinging
Batting: RHB Coy MacKey 0-0: SINGLE (Flyball, 8LS, EV 91.9 MPH)
Batting: RHB Ron Ficco 0-0: Called Strike
0-1: Foul Ball, location: 2F
0-2: Strikes out swinging
Bottom of the 6th over - 0 runs, 1 hit, 0 errors, 1 left on base; Chicago 2 - Chicago 0
TOP OF THE 7TH
Chicago Tula batting - Pitching for Chicago Gold Sox : LHP Jesús Crisotomo
Batting: RHB Jorge Díaz 0-0: Ball
1-0: Ball
2-0: Swinging Strike
2-1: Foul Ball, location: 2F
2-2: SINGLE (Groundball, 5, EV 80.6 MPH) (infield hit)
Pitching: LHP Mike Lee
Batting: RHB José Salas 0-0: Bunt - Flyout to 15S! F1
Batting: RHB Henry Dalton 0-0: Called Strike
0-1: Foul Ball, location: 2F
0-2: Ball
1-2: Ball
Pickoff Throw to First - Out! 1-3
2-2: SINGLE (Line Drive, 6M, EV 95.6 MPH)
Batting: RHB Sergio Dávalos 0-0: Ball
1-0: DOUBLE (Flyball, 8RXD, EV 94.4 MPH)
Henry Dalton to third
Runner from 3rd tries for Home, SAFE, throw by CF to trailing runner, SAFE at third!
Batting: LHB Greg Rogers 0-0: Foul Ball, location: 2F
0-1: Foul Ball, location: 2F
0-2: Foul Ball, location: 2F
0-2: Ball
1-2: Foul Ball, location: 2F
1-2: Strikes out swinging
Top of the 7th over - 1 run, 3 hits, 0 errors, 1 left on base; Chicago 3 - Chicago 0
BOTTOM OF THE 7TH
Chicago Gold Sox batting - Pitching for Chicago Tula : LHP José Guerrero
Batting: SHB Ralph Titus 0-0: Called Strike
0-1: Called Strike
0-2: Strikes out swinging
Batting: RHB Mike O'Halloran 0-0: Swinging Strike
0-1: Swinging Strike
0-2: Strikes out looking
Batting: RHB José Rivera 0-0: Called Strike
0-1: Called Strike
0-2: Ball
1-2: Ball
2-2: Ball
3-2: Foul Ball, location: 2F
3-2: Base on Balls
Pitching: RHP Sean Jones
Batting: LHB Brad Dyer 0-0: Ball
1-0: Called Strike
1-1: Ball
2-1: SINGLE (Line Drive, 34D, EV 93.8 MPH)
José Rivera to second
Runner from 2nd tries for 3rd, SAFE, throw by RF made to third
Batting: RHB Bonifacio Marmolejo 0-0: Ball
1-0: Ball
2-0: Called Strike
2-1: Foul Ball, location: 2F
2-2: Strikes out swinging
Bottom of the 7th over - 0 runs, 1 hit, 0 errors, 2 left on base; Chicago 3 - Chicago 0
TOP OF THE 8TH
Chicago Tula batting - Pitching for Chicago Gold Sox : LHP Mike Lee
Batting: RHB Guillermo Dettori 0-0: Ball
1-0: Ball
2-0: Ball
3-0: Base on Balls
Batting: RHB Jeff Weber 0-0: Called Strike
0-1: Called Strike
0-2: Ball
1-2: Foul Ball, location: 2F
1-2: Strikes out swinging
Batting: LHB Carlos Díaz 0-0: Ball
1-0: Ball
2-0: Called Strike
2-1: Ball
3-1: Base on Balls
Guillermo Dettori to second
Batting: RHB Cédric Dumas 0-0: Ball
1-0: Called Strike
1-1: Called Strike
1-2: Strikes out swinging
Batting: RHB Jorge Díaz 0-0: Ball
1-0: Foul Ball, location: 2F
1-1: Foul Ball, location: 2F
1-2: Ball
2-2: Ball
3-2: Foul Ball, location: 2F
3-2: Foul Ball, location: 2F
3-2: Base on Balls
Guillermo Dettori to third
Carlos Díaz to second
Batting: RHB José Salas 0-0: Ball
1-0: Called Strike
1-1: Swinging Strike
1-2: DOUBLE (Line Drive, 8LD, EV 110.0 MPH)
Guillermo Dettori scores
Carlos Díaz scores
Jorge Díaz to third
Runner from 3rd tries for Home, SAFE, throw by CF to home
Pitching: RHP Armando Sosa
Batting: RHB Henry Dalton 0-0: Called Strike
0-1: Ball
1-1: Foul Ball, location: 2F
1-2: Strikes out swinging
Top of the 8th over - 3 runs, 1 hit, 0 errors, 1 left on base; Chicago 6 - Chicago 0
BOTTOM OF THE 8TH
Chicago Gold Sox batting - Pitching for Chicago Tula : RHP Sean Jones
Batting: LHB Doug Pollock 0-0: Ball
1-0: Ball
2-0: Foul Ball, location: 2F
2-1: Ball
3-1: Called Strike
3-2: SINGLE (Groundball, 6, EV 80.6 MPH) (infield hit)
Batting: RHB Niek Bendt 0-0: Ball
1-0: Called Strike
1-1: Ball
2-1: Swinging Strike
2-2: Fly out, F3 (Popup, 3SF, EV 86.9 MPH)
Batting: RHB Coy MacKey 0-0: Ball
1-0: Ball
2-0: Ball
3-0: Foul Ball, location: 2F
3-1: Called Strike
3-2: Grounds into double play, 6-4-3 (Groundball, 56, EV 81.9 MPH)
Bottom of the 8th over - 0 runs, 1 hit, 0 errors, 0 left on base; Chicago 6 - Chicago 0
TOP OF THE 9TH
Chicago Tula batting - Pitching for Chicago Gold Sox : RHP Armando Sosa
Batting: RHB Sergio Dávalos 0-0: Ball
1-0: Called Strike
1-1: Ball
2-1: Ball
3-1: Base on Balls
Batting: LHB Greg Rogers 0-0: Ball
1-0: Swinging Strike
1-1: Swinging Strike
1-2: Strikes out swinging
Batting: RHB Guillermo Dettori 0-0: 2-RUN HOME RUN (Line Drive, 78XD, EV 93.8 MPH), Distance : 412 ft
Batting: RHB Jeff Weber 0-0: Called Strike
0-1: Ball
1-1: Ball
2-1: Foul Ball, location: 2F
2-2: Strikes out looking
Batting: LHB Carlos Díaz 0-0: Called Strike
0-1: Ball
1-1: Foul Ball, location: 2F
1-2: Strikes out swinging
Top of the 9th over - 2 runs, 1 hit, 0 errors, 0 left on base; Chicago 8 - Chicago 0
BOTTOM OF THE 9TH
Chicago Gold Sox batting - Pitching for Chicago Tula : RHP Sean Jones
Batting: RHB Ron Ficco 0-0: Ball
1-0: Ball
2-0: Ball
3-0: Base on Balls
Batting: SHB Ralph Titus 0-0: Ball
1-0: Swinging Strike
1-1: Foul Ball, location: 2F
1-2: Foul Ball, location: 2F
1-2: Ball
2-2: Grounds into double play, 6-4-3 (Groundball, 6M, EV 101.9 MPH)
Batting: RHB Mike O'Halloran 0-0: Foul Ball, location: 2F
0-1: Foul Ball, location: 2F
0-2: Strikes out swinging
Bottom of the 9th over - 0 runs, 0 hits, 0 errors, 0 left on base; Chicago 8 - Chicago 0
Tuesday, January 5th, 2021 - OOTP Baseball 20.8 Build 74